 Dungeon Crawl Stone Soup version 0.31.0 (webtiles) character file.

Game seed: 687812093860395335

121 qw the Shooter (level 5, -1/32 HPs)
             Began as a Gargoyle Hunter on Jan 19, 2024.
             Killed by divine providence
             ... invoked by an orc priest
              (11 damage)
             ... on level 3 of the Dungeon.
             The game lasted 00:00:06 (1796 turns).

qw the Shooter (Gargoyle Hunter)                    Turns: 1796, Time: 00:00:07

Health: -1/32      AC:  7    Str: 15    XL:     5   Next: 5%
Magic:  5/5        EV: 11    Int:  9    God:
Gold:   101        SH:  0    Dex: 15    Spells: 4/4 levels left

rFire   . . .        a - +0 shortbow
rCold   . . .        (shield currently unavailable)
rNeg    + . .        c - +0 leather armour
rPois   inf          (no helmet)
rElec   +            (no cloak)
rCorr   .            (no gloves)
SInv    .            (no boots)
Will    .....        h - amulet of regeneration
Stlth   ++           (no ring)
HPRegen 1.05/turn    (no ring)
MPRegen 0.09/turn

%: no passive effects
@: no status effects
A: sickness immunity, AC +4, negative energy resistance 1, electricity
resistance, torment resistance 1, petrification resistance
a: no special abilities


You were on level 3 of the Dungeon.
You visited 1 branch of the dungeon, and saw 3 of its levels.

You collected 101 gold pieces.


Innate Abilities, Weirdness & Mutations

You are immune to sickness and miasma.
Your stone body is resilient. (AC +4)
You are immune to poison.
You resist negative energy. (rN+)
You are resistant to electric shocks. (rElec)
You are resistant to unholy torment.
You are immune to petrification.


   Skills:
 - Level 3.2 Fighting
 + Level 5.8 Ranged Weapons
 - Level 1.5 Dodging
 - Level 1.1 Stealth


You had 4 spell levels left.
You didn't know any spells.
Your spell library was empty.

Inventory:

Hand Weapons
 a - a +0 shortbow (weapon)
Armour
 c - a +0 leather armour (worn)
 d - a +0 ring mail
Jewellery
 h - an amulet of regeneration (around neck)
Scrolls
 g - a scroll of identify
Potions
 b - a potion of might
 e - a potion of curing
 f - a potion of heal wounds {unknown}
 i - a potion of mutation {unknown}

Dungeon Overview and Level Annotations

Branches:
Dungeon (3/15)

Altars:


Message History

The orc hits you but does no damage. x2
You shoot an arrow. The arrow hits the orc!
You kill the orc!
You have reached level 5!
You shoot an arrow. The arrow hits the orc.
The orc is moderately wounded.
The orc barely misses you.
You shoot an arrow. The arrow barely misses the orc.
The arrow hits the orc!
You kill the orc!
A bat comes into view.
The orc closely misses you.
You shoot an arrow. The arrow hits the orc.
The orc is severely wounded.
The orc priest calls down the wrath of Beogh upon you.
Beogh smites you! The orc closely misses you.
You shoot an arrow. The arrow hits the orc.
You kill the orc!
The bat hits you but does no damage.
You shoot an arrow. The arrow barely misses the orc.
The arrow closely misses the bat.
The orc closely misses you.
You shoot an arrow. The arrow hits the orc!
You kill the orc!
The bat barely misses you.
The orc priest invokes the aid of Beogh against you.
Beogh smites you!
You shoot an arrow. The arrow closely misses the bat.
The bat barely misses you.
The orc priest calls down the wrath of Beogh upon you.
Pain shoots through your body!
You shoot an arrow. The arrow barely misses the bat.
The bat hits you. The bat hits you but does no damage.
The bat closely misses you.
The orc priest mumbles some strange prayers to Beogh against you.
Pain shoots through your body!
You shoot an arrow. The arrow hits the bat.
You kill the bat!
The orc priest calls down the wrath of Beogh upon you.
Beogh smites you!
You die...

........#
#.#.......
........#
#.#.[....
........#
#.#..... .
........#
##+#...o
..########
.......)#
#......
...%.....#
#########
#.....
..........
#...)###
..........
#...o)%#
#######...
#...##@##
#...#. #...
#..#####
#.#### #...
##.....#
###.#### #...
#####.#
##.......
#...
#.###..#.....
#...
#...>.##.....
#...
####.###.....
#.# #.....
#.# #.....


You could see an orc priest.

Vanquished Creatures
  6 adders (D:2)
  A ribbon worm (D:2)
  7 orcs (D:3)
  5 endoplasms
  A giant cockroach (D:2)
  3 goblins
  4 hobgoblins
  6 jackals
  A quokka (D:1)
  5 ball pythons
  3 bats
  13 frilled lizards
  3 kobolds
  6 rats
64 creatures vanquished.

Notes
Turn   | Place    | Note
-------+----------+-------------------------------------------
     0 | D:1      | qw the Gargoyle Hunter began the quest for the Orb.
     0 | D:1      | Reached XP level 1. HP: 12/12 MP: 1/1
     0 | D:1      | 0 ||| qw: Version: 0.3-a-132-g3d54051
     0 | D:1      | 0 ||| qw: Game counter: 98
     0 | D:1      | 0 ||| qw: Melee chars always use a shield: true
     0 | D:1      | 0 ||| qw: God list: Okawaru
     0 | D:1      | 0 ||| qw: Allow faded altars: false
     0 | D:1      | 0 ||| qw: Do Orc after clearing Dungeon:15 true
     0 | D:1      | 0 ||| qw: Do second Lair branch before Depths: true
     0 | D:1      | 0 ||| qw: Lair rune preference: random
     0 | D:1      | 0 ||| qw: Goals: Normal
     0 | D:1      | 0 ||| PLANNING D:1-11
   111 | D:1      | Reached XP level 2. HP: 17/17 MP: 2/2
   320 | D:1      | HP: 3/17 [jackal (3)]
   327 | D:1      | HP: 4/17 [jackal (1)]
   328 | D:1      | HP: 1/17 [jackal (3)]
   437 | D:1      | Reached XP level 3. HP: 21/21 MP: 3/3
   619 | D:1      | 619 ||| UPGRADING to amulet of regeneration.
   624 | D:1      | 624 ||| READING 2 scrolls labelled TOAJOELE GASA.
   624 | D:1      | 624 ||| IDENTIFYING bubbling black potion
   625 | D:1      | 625 ||| READING scroll of identify.
   625 | D:1      | 625 ||| IDENTIFYING 2 scrolls labelled WISIORGHODGHU
   626 | D:1      | 626 ||| READING 2 scrolls labelled FEISKU CIOFAU.
   627 | D:1      | 627 ||| DROPPING scroll of butterflies.
   628 | D:1      | 628 ||| DROPPING potion of lignification.
   629 | D:1      | 629 ||| DROPPING 2 scrolls of noise.
   630 | D:1      | 630 ||| DROPPING scroll of amnesia.
   667 | D:2      | Reached skill level 5 in Ranged Weapons
   810 | D:2      | Identified the amulet of Grace {Acrobat ^Drain Int+6}
   870 | D:2      | Reached skill level 3 in Fighting
   870 | D:2      | Reached XP level 4. HP: 28/28 MP: 4/4
  1507 | D:2      | 1507 ||| DROPPING amulet of Grace {Acrobat ^Drain Int+6}.
  1508 | D:2      | 1508 ||| DRINKING 2 bubbling green potions.
  1509 | D:2      | 1509 ||| DRINKING 2 bubbling sapphire potions.
  1620 | D:3      | 1620 ||| FLEEEEING.
  1779 | D:3      | 1779 ||| RETREEEEATING.
  1784 | D:3      | 1784 ||| RETREEEEATING.
  1788 | D:3      | Reached XP level 5. HP: 31/32 MP: 5/5
  1795 | D:3      | HP: 8/32 [orc priest/nerve-wracking pain (2)]
  1796 | D:3      | Killed from afar by an orc priest

Levels and vault maps discovered:
D:1:      spicycebolla_green_bress_n_ham_2, layout_basic
D:2:      layout_basic, minmay_misc_feat_enclosed, minmay_lizard_pond
D:3:      layout_basic

Skill      XL: |  1  2  3 |
---------------+----------+-----
Ranged Weapons | 5 |  5.8
Fighting       | 3 |  3.2
Dodging        | |  1.5
Stealth        | |  1.1

Action                     |  1- 3 |  4- 6 || total
---------------------------+-------+-------++-------
   Fire: Shortbow          |   124 |    89 ||   213
    Use: Scroll            |     3 |       ||     3
         Potion            |       |     2 ||     2
 Armour: Leather armour    |    66 |    20 ||    86
  Dodge: Dodged            |    64 |    23 ||    87

Table legend:
 A = Non-vault XP
 B = Vault XP
 C = Vault XP percentage of total XP
 D = Non-vault monster count
 E = Vault monster count
 F = Vault count percentage of total count
                 A         B        C        D         E       F
            +---------+---------+-------+---------+---------+-------
      Total |     168 |       7 |   4.0 |      57 |       7 |  10.9
            +---------+---------+-------+---------+---------+-------
        D:1 |      36 |       0 |   0.0 |      23 |       0 |   0.0
        D:2 |      96 |       7 |   6.8 |      17 |       7 |  29.2
        D:3 |      36 |       0 |   0.0 |      17 |       0 |   0.0
            +---------+---------+-------+---------+---------+-------
